 Dungeon Crawl Stone Soup version 0.16-a0-4112-g89a4107 (webtiles) character file.

309 vatarom the Covered (level 6, 0/56 HPs)
             Began as a Minotaur Fighter on Feb 27, 2015.
             Was an Initiate of Okawaru.
             Slain by an ogre
             ... wielding a +0 giant spiked club
              (25 damage)
             ... on level 5 of the Dungeon.
             The game lasted 00:04:51 (3059 turns).

vatarom the Covered (Minotaur Fighter)              Turns: 3059, Time: 00:04:52

Health: 0/56       AC: 13    Str: 23    XL:     6   Next: 17%
Magic:  3/3        EV:  8    Int:  5    God:    Okawaru [......]
Gold:   172        SH:  0    Dex:  9    Spells: 0 memorised, 5 levels left

rFire  . . .     SeeInvis .     a - +1 war axe
rCold  . . .     Clarity  .     j - +0 chain mail {rPois}
rNeg   . . .     SustAb   .     (no shield)
rPois  +         Gourm    .     (helmet restricted)
rElec  .         Spirit   .     c - +0 cloak
rCorr  .         Warding  .     b - +0 pair of gloves
rMut   .         Stasis   .     m - +0 pair of boots (curse)
MR     .....                    (no amulet)
Stlth  ..........               (no ring)
                                i - ring of flight (curse)

@: not resistant to hostile enchantments, extremely unstealthy
A: retaliatory headbutt, horns 2, wild magic 1
a: Renounce Religion, Evoke Flight


You were on level 5 of the Dungeon.
You worshipped Okawaru.
Okawaru was noncommittal.
You were not hungry.

You visited 2 branches of the dungeon, and saw 6 of its levels.

You collected 172 gold pieces.

Inventory:

Hand weapons
 a - a +1 war axe (weapon)
Armour
 b - a +0 pair of gloves (worn)
 c - a +0 cloak (worn)
 j - a +0 chain mail of poison resistance (worn)
 m - a cursed +0 pair of boots (worn)
Jewellery
 i - a cursed ring of flight (left hand)
Scrolls
 e - 2 scrolls of fear
 h - 5 scrolls of identify
 l - a scroll of recharging
 o - a scroll of blinking
Comestibles
 d - 3 bread rations
 f - 5 meat rations
 g - a beef jerky


   Skills:
 + Level 5.5 Fighting
 + Level 4.8 Axes
 + Level 5.8 Armour
   Level 3.6 Shields


You had 5 spell levels left.
You didn't know any spells.

Dungeon Overview and Level Annotations

Branches:
Dungeon (5/15)             Temple (1/1) D:4

Altars:
Dithmenos
Gozag
Kikubaaqudgha
Okawaru
Qazlal
Ru
Sif Muna
Trog
Vehumet
Zin

Annotations:
D:4 Prince Ribbit


Innate Abilities, Weirdness & Mutations

You reflexively headbutt those who attack you in melee.
You have a pair of horns on your head.
Your spells are a little harder to cast, but a little more powerful.


Message History

You destroy the adder skeleton!
Okawaru accepts your kill.
You barely miss the bat. Your headbutt misses the bat.
The bat hits you but does no damage.
You slash the bat!
You kill the bat!
Okawaru accepts your kill.
A hobgoblin comes into view. It is wielding a club.
The hobgoblin shouts!
The hobgoblin moves out of view.
The ogre hits you with a giant spiked club!
You are too injured to fight recklessly!
You are too injured to fight recklessly!
You are too injured to fight recklessly!
You slash the ogre! You headbutt the ogre!
The ogre is severely wounded.
You barely miss the ogre.
The ogre is severely wounded.
The ogre hits you with a giant spiked club!!
You die...

. #. ... #.###....
.........# ..#....#
#..# #.#(#..#
#.g###.....#
#...O....# #..#@.#
#.....## ###......##
#.....#.$..#
....<......#######..
.........#..#.......#
..............####..#.
#.$...................
.......#....>.....##.


You could see an ogre and a hobgoblin.

Vanquished Creatures
  Menkaure (D:4)
  A crimson imp (D:5)
  Terence (D:3)
  5 adders
  A giant mite (D:4)
  2 worms (D:2)
  An adder skeleton (D:5)
  4 giant geckos
  2 orcs
  11 bats
  A bat skeleton (D:4)
  A giant cockroach (D:3)
  7 hobgoblins
  8 kobolds
  3 quokkas (D:2)
  3 giant newts
  9 goblins
  10 jackals
  7 rats
78 creatures vanquished.

Notes
Turn   | Place    | Note
--------------------------------------------------------------
     0 | D:1      | vatarom, the Minotaur Fighter, began the quest for the Orb.
     0 | D:1      | Reached XP level 1. HP: 19/19 MP: 1/1
   408 | D:1      | Reached XP level 2. HP: 27/27 MP: 1/1
   419 | D:1      | Reached skill level 4 in Armour
  1287 | D:2      | Reached XP level 3. HP: 33/33 MP: 2/2
  1399 | D:2      | Found a glowing silver altar of Zin.
  1399 | D:2      | Found a stormy altar of Qazlal.
  1400 | D:2      | Found a deep blue altar of Sif Muna.
  1405 | D:2      | Found an opulent altar of Gozag.
  1413 | D:2      | Found a radiant altar of Vehumet.
  1472 | D:2      | Reached XP level 4. HP: 24/41 MP: 2/2
  2000 | D:3      | Noticed Terence
  2015 | D:3      | Killed Terence
  2015 | D:3      | Reached skill level 5 in Armour
  2486 | D:4      | Reached XP level 5. HP: 36/47 MP: 2/2
  2578 | D:4      | Found a staircase to the Ecumenical Temple.
  2609 | Temple   | Entered the Ecumenical Temple
  2627 | Temple   | Became a worshipper of Warmaster Okawaru
  2694 | D:4      | Noticed Menkaure
  2700 | D:4      | Killed Menkaure
  2700 | D:4      | Reached skill level 5 in Fighting
  2863 | D:4      | Noticed Prince Ribbit
  2864 | D:4      | Gained mutation: Your spells are a little harder to cast, but a little more powerful. [potion of beneficial mutation]
  2927 | D:5      | Entered Level 5 of the Dungeon
  2936 | D:5      | Reached XP level 6. HP: 19/56 MP: 3/3
  3053 | D:5      | Noticed an ogre
  3059 | D:5      | Slain by an ogre

Action                   |  1- 3 |  4- 6 || total
-------------------------+-------+-------++-------
Melee: War axe           |    62 |    89 ||   151
  Use: Scroll            |     5 |     3 ||     8
       Potion            |     2 |     4 ||     6
  Eat: Bread ration      |     1 |     1 ||     2
